 Dungeon Crawl Stone Soup version 0.32-a0-616-g9348d4545b (webtiles) character file.

Game seed: 18070791588937081375

27 sleeves the Cutter (level 2, 0/16 HPs)
             Began as a Spriggan Cinder Acolyte on Mar 6, 2024.
             Was a High Priest of Ignis.
             Slain by an adder (1 damage)
             ... on level 2 of the Dungeon.
             The game lasted 00:02:52 (662 turns).

sleeves the Cutter (Spriggan Cinder Acolyte)         Turns: 662, Time: 00:02:52

Health: 0/16       AC:  2    Str: 10    XL:     2   Next: 93%
Magic:  5/5        EV: 15    Int: 15    God:    Ignis [*****.]
Gold:   65         SH:  0    Dex: 10    Spells: 3/3 levels left

rFire   + . .        a - -1 short sword (flame)
rCold   . . .        (no shield)
rNeg    . . .        b - +0 robe
rPois   .            (helmet restricted)
rElec   .            (no cloak)
rCorr   .            (gloves unavailable)
SInv    +            (boots unavailable)
Will    .....        (no amulet)
Stlth   ++           (no ring)
HPRegen 0.22/turn    (no ring)
MPRegen 0.09/turn

%: no passive effects
@: brilliant, very quick
A: very small, no large weapons, unfitting armour, see invisible, speed 3
a: Renounce Religion, Fiery Armour, Foxfire Swarm, Rising Flame


You were on level 2 of the Dungeon.
You worshipped Ignis.
Ignis was extremely pleased with you.
You visited 1 branch of the dungeon, and saw 2 of its levels.

You collected 65 gold pieces.

Inventory:

Hand Weapons
 a - a -1 short sword of flaming (weapon)
Armour
 b - a +0 robe (worn)
Scrolls
 d - 3 scrolls of teleportation
 e - 2 scrolls of revelation {unknown}


   Skills:
 - Level 2.4 Fighting
 + Level 4.0 Short Blades
 + Level 2.9 Stealth
 - Level 1.3 Spellcasting
 - Level 2.4 Fire Magic


You had 3 spell levels left.
You didn't know any spells.
Your spell library contained the following spells:

 Spells                   Type           Power      Damage    Failure   Level
 Scorch                   Fire           24%        2d6       13%         2
 Sculpt Simulacrum        Ice/Alch       0%         N/A       100%        6
 Ozocubu's Refrigeration  Ice            0%         4d7       100%        7
 Polar Vortex             Ice            0%         N/A       100%        9


Dungeon Overview and Level Annotations

Branches:
Dungeon (2/15)

Altars:


Innate Abilities, Weirdness & Mutations

You are very small and have problems with some larger weapons.
You are too small for most types of armour.
You have supernaturally acute eyesight. (SInv)
You cover ground extremely quickly. (Speed+++)


Message History

Welcome, sleeves the Spriggan Cinder Acolyte.
Are you destined to find the breathtaking Orb of Zot, or to die trying?
The flames of Ignis gently warm you.
Press ? for a list of commands and other information.
Found a book of Ice and a scroll labelled CEOTHR TUOP.
Found a staircase leading out of the dungeon.
You pick up a book of Ice and begin reading...
You add the spells Sculpt Simulacrum, Ozocubu's Refrigeration and Polar Vortex to your library.
An endoplasm comes into view.
An endoplasm is nearby!
An endoplasm is nearby!
The endoplasm quivers.
You hit the endoplasm but do no damage. The endoplasm freezes you.
You are frozen.
You hit the endoplasm. You burn the endoplasm.
The endoplasm is almost dead.
The endoplasm hits you.
You are too injured to fight recklessly!
You are too injured to fight recklessly!
You hit the endoplasm. You burn the endoplasm.
You kill the endoplasm!
HP restored.
c - a scroll labelled CEOTHR TUOP
Found a stone staircase leading down.
Found a stone staircase leading down.
There is a stone staircase leading down here.
A hobgoblin comes into view.
The hobgoblin shouts!
A hobgoblin is nearby!
A hobgoblin is nearby!
A hobgoblin is nearby!
You hit the hobgoblin. You burn the hobgoblin.
The hobgoblin is heavily wounded.
The hobgoblin hits you but does no damage.
You hit the hobgoblin. You burn the hobgoblin.
You kill the hobgoblin!
No target in view!
No target in view!
You now have 11 gold pieces.
There is a stone staircase leading down here.
There is a stone staircase leading down here.
There is a stone staircase leading down here.
Found a short sword.
Found a club.
Found a stone staircase leading down.
Things that are here:
a +0 club; a +0 club A bat comes into view.
Found 10 gold pieces.
A bat comes into view.
You barely miss the bat. The bat hits you.
You closely miss the bat. The bat misses you. The bat barely misses you.
You hit the bat but do no damage. The bat closely misses you.
The bat barely misses you.
You completely miss the bat. The bat closely misses you. x2
You hit the bat. You burn the bat.
You kill the bat!
The bat closely misses you.
Your Stealth skill increases to level 1!
You hit the bat. You burn the bat.
You kill the bat!
No target in view!
A goblin comes into view. It is wielding a +0 dagger.
A goblin is nearby!
A goblin is nearby!
The goblin shouts!
You hit the goblin. You burn the goblin.
The goblin is heavily wounded.
The goblin misses you.
You hit the goblin. You burn the goblin.
You kill the goblin!
No target in view!
No target in view!
You now have 21 gold pieces (gained 10).
A giant cockroach and a hobgoblin come into view.
Found a scale mail, 11 gold pieces and a scroll labelled FYJAEH ZUNYUNA.
There are monsters nearby!
There are monsters nearby!
There are monsters nearby!
You see here a +0 scale mail.
A frilled lizard comes into view.
Found 6 gold pieces.
The helpless giant cockroach fails to defend itself.
You hit the giant cockroach. You burn the giant cockroach.
You kill the giant cockroach!
You see here a giant cockroach corpse.
Found 10 gold pieces.
You hit the frilled lizard. You burn the frilled lizard.
You kill the frilled lizard!
You see here 11 gold pieces.
A rat comes into view.
The rat squeaks loudly.
You hear a shout! x2
The hobgoblin barely misses you.
You completely miss the hobgoblin.
A bat comes into view.
The hobgoblin barely misses you.
A goblin comes into view.
It is wielding a +0 dagger of distortion.
You hit the hobgoblin. You burn the hobgoblin.
The hobgoblin is moderately wounded.
The hobgoblin barely misses you.
You hit the hobgoblin. You burn the hobgoblin.
The hobgoblin is almost dead.
You hit the hobgoblin. You burn the hobgoblin.
You kill the hobgoblin!
The bat completely misses you.
You have reached level 2!
You see here 11 gold pieces.
An endoplasm comes into view.
The endoplasm quivers.
The bat misses you.
Found 10 gold pieces.
The bat attacks as it pursues you! The bat hits you but does no damage.
The bat misses you.
The rat twitches its whiskers.
Found a scroll labelled FYJAEH ZUNYUNA.
The bat hits you but does no damage. The endoplasm hits you.
You see here 6 gold pieces.
The bat attacks as it pursues you! The bat hits you but does no damage.
The bat closely misses you. The bat misses you. The bat hits you.
You hit the bat. You burn the bat.
You kill the bat!
Your Stealth skill increases to level 2!
The endoplasm completely misses you.
You hit the endoplasm. You burn the endoplasm.
The endoplasm is severely wounded.
You hit the endoplasm. You burn the endoplasm.
You kill the endoplasm!
No reachable target in view!
You barely miss the rat. The rat attacks as it pursues you! The rat misses you.
You hit the rat. You burn the rat.
You kill the rat!
A goblin is nearby!
You aren't carrying any items that you can evoke.
Okay, then.
A goblin is nearby!
A kobold comes into view. It is wielding a +0 dagger.
A giant cockroach comes into view.
You see here a +0 scale mail.
The kobold hits you with a +0 dagger.
You barely miss the kobold.
The giant cockroach waves its antennae.
The kobold closely misses you.
You barely miss the kobold. The kobold barely misses you.
You hit the kobold but do no damage.
A bat comes into view.
A giant cockroach comes into view.
You closely miss the kobold. The kobold closely misses you.
You miss the kobold. The kobold closely misses you.
You hit the kobold. You burn the kobold.
You kill the kobold!
The giant cockroach closely misses you. The bat barely misses you.
The bat attacks as it pursues you! The bat barely misses you. x2
You see here a +0 dagger.
The giant cockroach attacks as it pursues you!
The giant cockroach closely misses you.
You see here a giant cockroach corpse.
You closely miss the bat. The bat hits you.
You barely miss the giant cockroach. The bat barely misses you.
The giant cockroach completely misses you.
You closely miss the giant cockroach. The bat completely misses you.
The giant cockroach misses you.
You hit the giant cockroach but do no damage.
The bat barely misses you. The bat closely misses you.
The giant cockroach bites you.
You hit the giant cockroach. You burn the giant cockroach.
The giant cockroach is severely wounded.
The bat hits you but does no damage.
The giant cockroach bites you but does no damage.
You hit the giant cockroach but do no damage.
The giant cockroach is severely wounded.
The giant cockroach bites you but does no damage.
The giant cockroach barely misses you.
You barely miss the giant cockroach.
The giant cockroach is severely wounded.
The bat hits you but does no damage.
The giant cockroach bites you but does no damage.
The giant cockroach misses you.
You hit the giant cockroach but do no damage.
The giant cockroach is severely wounded.
The bat closely misses you.
The giant cockroach completely misses you. x2
You hit the giant cockroach but do no damage.
The giant cockroach is heavily wounded.
The bat hits you. The giant cockroach closely misses you.
The giant cockroach misses you.
You hit the giant cockroach. You burn the giant cockroach.
You kill the giant cockroach!
The bat misses you. The giant cockroach closely misses you.
You closely miss the giant cockroach.
The giant cockroach completely misses you.
You closely miss the giant cockroach. The bat misses you.
The giant cockroach barely misses you.
You completely miss the giant cockroach.
The giant cockroach misses you. The bat hits you but does no damage.
You hit the giant cockroach but do no damage.
The bat hits you but does no damage. The giant cockroach closely misses you.
You hit the giant cockroach. You burn the giant cockroach.
The giant cockroach is heavily wounded.
The bat misses you.
The giant cockroach bites you but does no damage.
You barely miss the giant cockroach.
The giant cockroach is heavily wounded.
The bat hits you but does no damage. The giant cockroach barely misses you.
You hit the giant cockroach. You burn the giant cockroach.
The giant cockroach is almost dead.
The bat closely misses you.
The giant cockroach bites you but does no damage.
The bat closely misses you.
You hit the giant cockroach but do no damage.
The giant cockroach is almost dead.
The bat misses you. The bat closely misses you. The giant cockroach misses you.
You hit the giant cockroach. You burn the giant cockroach.
You kill the giant cockroach!
The bat hits you. x2
You hit the bat. You burn the bat.
You kill the bat!
You see here a bat corpse.
You now have 27 gold pieces (gained 6).
You now have 37 gold pieces (gained 10).
d - a scroll labelled FYJAEH ZUNYUNA You now have 47 gold pieces (gained 10).
d - 2 scrolls labelled FYJAEH ZUNYUNA (gained 1)
You now have 58 gold pieces (gained 11).
Found a scroll labelled YFIXOA AH JATO.
Found a ring mail.
e - a scroll labelled YFIXOA AH JATO
There is an open door here.
You see here a bat corpse.
Things that are here:
a +0 club; a +0 club
There is a stone staircase leading down here.
A quokka comes into view.
A bat comes into view.
Found a sedimented puce potion.
The helpless bat fails to defend itself.
You puncture the bat! You burn the bat.
You kill the bat!
Found a ring mail.
The quokka bites you but does no damage.
You miss the quokka. The quokka barely misses you.
You hit the quokka. You burn the quokka.
The quokka is severely wounded.
The quokka bites you.
You hit the quokka but do no damage.
The quokka is severely wounded.
The quokka closely misses you.
You barely miss the quokka.
The quokka is severely wounded.
The quokka closely misses you.
You closely miss the quokka.
The quokka is severely wounded.
The quokka barely misses you.
You closely miss the quokka.
The quokka is severely wounded.
The quokka barely misses you.
You closely miss the quokka.
The quokka is severely wounded.
The quokka misses you.
You closely miss the quokka.
The quokka is severely wounded.
The quokka barely misses you.
You closely miss the quokka.
The quokka is severely wounded.
The quokka bites you.
You miss the quokka.
The quokka is severely wounded.
The quokka bites you.
You are too injured to fight recklessly!
You are too injured to fight recklessly!
You hit the quokka. You burn the quokka.
You kill the quokka!
f - a sedimented puce potion You see here a +0 ring mail.
You see here a bat corpse.
There is a stone staircase leading down here.
A bat comes into view.
There is a stone staircase leading down here.
You climb downwards.
Found a scroll labelled YFIXOA AH JATO.
There is a stone staircase leading up here.
HP restored.
A ball python comes into view.
A ball python is nearby!
A ball python is nearby!
The helpless ball python fails to defend itself.
You puncture the ball python! You burn the ball python.
You kill the ball python!
e - 2 scrolls labelled YFIXOA AH JATO (gained 1)
Found a rapier.
Found an escape hatch in the floor.
A ball python and a frilled lizard come into view.
Found a stone staircase leading down.
Found a ring mail.
The ball python hisses angrily.
The frilled lizard hisses angrily.
The frilled lizard barely misses you.
You hit the frilled lizard. You burn the frilled lizard.
You kill the frilled lizard!
You hit the ball python but do no damage.
The ball python bites you but does no damage.
The ball python grabs you. The ball python constricts you.
You closely miss the ball python. The ball python barely misses you.
The ball python constricts you.
You hit the ball python. You burn the ball python.
You kill the ball python!
No target in view!
No target in view!
A quokka comes into view.
A quokka is nearby!
A quokka is nearby!
A quokka is nearby!
You see here a scroll labelled EDOSUO SATE.
A goblin comes into view. It is wielding a +2 antimagic dagger.
The helpless quokka fails to defend itself.
You puncture the quokka! You burn the quokka.
You kill the quokka!
The goblin shouts!
You see here a quokka corpse.
A bat comes into view.
An adder comes into view.
You barely miss the goblin.
The goblin hits you with a +2 antimagic dagger.
You feel your power leaking away.
The adder hisses angrily.
You hit the goblin. You burn the goblin.
The goblin is severely wounded.
The goblin hits you with a +2 antimagic dagger.
You hit the goblin but do no damage.
The goblin is severely wounded.
You closely miss the goblin.
The goblin is severely wounded.
The goblin barely misses you.
You hit the goblin. You burn the goblin.
You kill the goblin!
The bat barely misses you.
Your Short Blades skill increases to level 4!
You hit the bat. You burn the bat.
You kill the bat!
You see here a scroll labelled EDOSUO SATE.
You see here a +0 rapier.
You swing at nothing.
You swing at nothing.
You hit the adder but do no damage. The adder completely misses you.
You closely miss the adder. The adder bites you.
You are poisoned.
The adder poisons you!
You feel sick.
You feel sick. The adder attacks as it pursues you! The adder misses you.
You feel sick.
You feel sick.
You feel sick.
There is a stone staircase leading up here.
You feel sick.
You climb upwards.
You feel sick.
You are no longer poisoned.
There is a stone staircase leading down here.
Things that are here:
a +0 club; a +0 club You see here a bat skeleton.
You start resting.
HP restored.
There is a stone staircase leading down here.
You climb downwards.
There is a stone staircase leading up here.
You open the door.
Found a leather armour.
There is an open door here.
d - 3 scrolls labelled FYJAEH ZUNYUNA (gained 1)
You now have 65 gold pieces (gained 7).
An adder is nearby!
An adder is nearby!
Found 9 gold pieces.
You hit the adder but do no damage. The adder bites you.
You barely miss the adder. The adder completely misses you.
You hit the adder. You burn the adder.
The adder is moderately wounded.
The adder barely misses you.
You miss the adder.
The adder is moderately wounded.
The adder closely misses you.
You barely miss the adder.
The adder is moderately wounded.
The adder barely misses you.
You hit the adder but do no damage.
The adder is moderately wounded.
The adder bites you.
You are poisoned.
The adder poisons you!
You completely miss the adder.
The adder is moderately wounded.
You feel sick. The adder bites you but does no damage.
You closely miss the adder.
The adder is moderately wounded.
You feel sick. The adder misses you.
You closely miss the adder.
The adder is moderately wounded.
You feel sick. The adder bites you.
You are too injured to fight recklessly!
You are too injured to fight recklessly!
You are too injured to fight recklessly!
You are too injured to fight recklessly!
You are too injured to fight recklessly!
You are too injured to fight recklessly!
You are too injured to fight recklessly!
You feel sick. The adder bites you.
* * * LOW HITPOINT WARNING * * *
You are lethally poisoned!
The adder poisons you!
* * * LOW HITPOINT WARNING * * *
You feel sick.
* * * LOW HITPOINT WARNING * * *
You feel sick.
* * * LOW HITPOINT WARNING * * *
You feel sick.
* * * LOW HITPOINT WARNING * * *
You feel sick.
There is an open door here.
* * * LOW HITPOINT WARNING * * *
You feel sick.
There is a stone staircase leading up here.
It was a potion of brilliance.
You feel clever all of a sudden.
* * * LOW HITPOINT WARNING * * *
You feel sick.
As you read the scroll labelled CEOTHR TUOP, it crumbles to dust.
It is a scroll of identify.
d - 3 scrolls of teleportation
* * * LOW HITPOINT WARNING * * *
You feel sick.
You are no longer poisoned.
The adder misses you. The adder attacks as it pursues you!
The adder misses you. The adder attacks as it pursues you! The adder bites you.
You die...
Ignis goes out, and joins you in death.

#............##.#
#............##...
#...........[...#
#.......##'####.###
#.......##........#
#.......##.....##.
##########<####...#
#S# ### #@# #.# #.#
#.. ###


You could see an adder.

Vanquished Creatures
  2 endoplasms (D:1)
  3 giant cockroaches (D:1)
  2 goblins
  2 hobgoblins (D:1)
  A kobold (D:1)
  2 quokkas
  2 ball pythons (D:2)
  6 bats
  2 frilled lizards
  A rat (D:1)
23 creatures vanquished.

Notes
Turn   | Place    | Note
-------+----------+-------------------------------------------
     0 | D:1      | sleeves the Spriggan Cinder Acolyte began the quest for the
                  | Orb.
     0 | D:1      | Reached XP level 1. HP: 11/11 MP: 3/3
   148 | D:1      | Reached skill level 1 in Stealth
   184 | D:1      | Reached XP level 2. HP: 16/16 MP: 5/5
   209 | D:1      | Reached skill level 2 in Stealth
   512 | D:2      | Reached skill level 4 in Short Blades
   540 | D:2      | HP: 8/16 [poisoned by an adder]
   650 | D:2      | HP: 6/16 [adder (3)]
   655 | D:2      | HP: 3/16 [poisoned by an adder]
   659 | D:2      | HP: 1/16 [poisoned by an adder]
   662 | D:2      | Slain by an adder

Illustrated notes

Levels and vault maps discovered:
D:1:      scummos_arrival_star, layout_basic
D:2:      layout_basic, nicolae_ecumenical_oubliette

Skill      XL: |  1  2 |
---------------+-------+-----
Stealth        | 1 2 |  2.9
Short Blades   | 4 |  4.0
Fighting       | |  2.4
Spellcasting   | |  1.3
Fire Magic     | |  2.4

Action                     || total
---------------------------++-------
  Melee: Short sword       ||    85
    Use: Scroll            ||     1
         Potion            ||     1
   Stab: Sleeping          ||     4
 Armour: Robe              ||    40
  Dodge: Dodged            ||    74

Table legend: (Time is in decaauts)
 A = Elapsed time spent in this place.
 B = Non-inter-level travel time spent in this place.
 C = Inter-level travel time spent in this place.
 D = Time resting spent in this place.
 E = Time spent auto-exploring this place.
 F = Levels seen in this place.
 G = Mean time per level.
                   A        B        C        D        E       F      G
               +--------+--------+--------+--------+--------+-----+--------+
         Total |    450 |    329 |    121 |     34 |    118 |   2 |  225.0 |
       Dungeon |    450 |    329 |    121 |     34 |    118 |   2 |  225.0 |
               +--------+--------+--------+--------+--------+-----+--------+

Top non-repeatable levels by time:
     D:1: 353 daAuts
     D:2: 97 daAuts
